 Dungeon Crawl Stone Soup version 0.31-a0-364-gb59cdcccf2 (webtiles) character file.

Game seed: 7418169598320768823

19133 Kyara the Placeless Human (level 13, -9/83 HPs)
             Began as a Human Warper on July 27, 2023.
             Was a Follower of Wu Jian.
             Mangled by an ice devil (10 damage)
             ... in an ice cave.
             The game lasted 01:19:16 (16404 turns).

Kyara the Placeless Human (Human Warper)           Turns: 16404, Time: 01:19:16

Health: -9/83      AC:  7    Str: 13    XL:     13   Next: 2%
Magic:  9/20       EV: 17    Int: 17    God:    Wu Jian [*.....]
Gold:   698        SH:  0    Dex: 15    Spells: 5/22 levels left

rFire   + . .        y - +0 long sword (holy)
rCold   + . .        x - orb of Olaschang {light, rPois rF+ Str+2}
rNeg    . . .        t - +2 robe {rC+}
rPois   +            n - +1 helmet
rElec   .            (no cloak)
rCorr   .            (no gloves)
SInv    .            D - +0 pair of boots {Stlth+}
Will    .....        g - amulet of regeneration
Stlth   +            E - +5 ring of evasion
HPRegen 1.13/turn    Y - +4 ring of slaying
MPRegen 0.17/turn

%: no passive effects
@: glowing
A: no striking features
a: Renounce Religion


You were in an ice cave.
You worshipped Wu Jian.
Wu Jian was aware of your devotion.
You visited 2 branches of the dungeon, and saw 12 of its levels.
You also visited: Sewer and Ice Cave.

You collected 840 gold pieces.
You spent 142 gold pieces at shops.


   Skills:
 - Level 2.0 Fighting
 + Level 12.2 Long Blades
 - Level 1.0 Throwing
 * Level 3.9 Armour
 - Level 2.0 Dodging
 - Level 5.0 Spellcasting
 - Level 8.1 Hexes
 - Level 13.5 Translocations


You had 5 spell levels left.
You knew the following spells:

 Your Spells              Type           Power      Damage    Failure   Level
b - Blink                 Tloc           100%       N/A       1%          2
d - Tukima's Dance        Hex            31%        N/A       1%          3
l - Lesser Beckoning      Tloc           100%       N/A       1%          2
m - Manifold Assault      Tloc           50%        N/A       1%          4
t - Teleport Other        Tloc           50%        N/A       1%          3
X - Vhi's Electric Charg  Tloc/Air       54%        N/A       2%          3

Your spell library contained the following spells:

 Spells                   Type           Power      Damage    Failure   Level
 Slow                     Hex            100%       N/A       1%          1
 Confusing Touch          Hex            31%        N/A       1%          3
 Portal Projectile        Hex/Tloc       82%        N/A       1%          3
 Passage of Golubria      Tloc           50%        N/A       1%          4
 Volatile Blastmotes      Fire/Tloc      54%        2d14      2%          3
 Iskenderun's Mystic Bla  Conj/Tloc      27%        2d7       9%          4
 Sting                    Tmut/Pois      16%        1d3       14%         1
 Poisonous Vapours        Pois/Air       8%         N/A       22%         2
 Fulminant Prism          Conj/Hex       9%         3d7       26%         4
 Ozocubu's Armour         Ice            4%         N/A       38%         3
 Vampiric Draining        Necr           4%         2d6       38%         3
 Yara's Violent Unravell  Hex/Tmut       9%         3d6       58%         5
 Olgreb's Toxic Radiance  Pois           4%         N/A       80%         4
 Ozocubu's Refrigeration  Ice            2%         4d7       100%        7

Inventory:

Hand Weapons
 o - a +2 short sword of draining
   (You took it off an orc on level 5 of the Dungeon)
 y - a +0 long sword of holy wrath (weapon)
   (You found it on level 10 of the Dungeon)
 N - a +2 short sword of flaming
   (You took it off a kobold on level 8 of the Dungeon)
 P - a +1 short sword of venom
   (You took it off an orc on level 8 of the Dungeon)
Missiles
 a - 24 poisoned darts
 d - 7 boomerangs of dispersal {=f!f}
 s - 4 boomerangs (quivered)
 B - a throwing net {=f!f}
 K - 6 javelins
Armour
 n - a +1 helmet (worn)
   (You took it off Robin on level 2 of the Dungeon)
 t - a +2 robe of cold resistance (worn)
   (You took it off Jessica on level 2 of the Dungeon)
 x - the orb of Olaschang (worn) {light, rPois rF+ Str+2}
   (You found it on level 4 of the Dungeon)

   Str:       It affects your strength (+2).
   rF:        It protects you from fire.
   rPois:     It protects you from poison.
 D - a +0 pair of boots of stealth (worn)
   (You bought it in a shop on level 9 of the Dungeon)
Jewellery
 e - a +5 ring of evasion
   (You found it on level 4 of the Dungeon)
 g - an amulet of regeneration (around neck)
   (You took it off an orc on level 9 of the Dungeon)
 m - an amulet of magic regeneration
   (You took it off a goblin on level 2 of the Dungeon)
 E - a +5 ring of evasion (left hand)
   (You found it on level 1 of the Dungeon)
 R - an amulet of reflection
   (You took it off an orc on level 11 of the Dungeon)
 W - a ring of magical power
   (You found it on level 8 of the Dungeon)
 Y - a +4 ring of slaying (right hand)
   (You found it on level 3 of the Dungeon)
Wands
 r - a wand of quicksilver (18)
   (You took it off Ijyb on level 3 of the Dungeon)
 C - a wand of iceblast (9)
   (You found it on level 5 of the Dungeon)
 J - a wand of flame (16)
   (You found it on level 7 of the Dungeon)
 L - a wand of digging (7)
   (You found it on level 7 of the Dungeon)
Scrolls
 b - 3 scrolls of torment {!r}
 c - 4 scrolls of blinking {!r}
 f - 3 scrolls of enchant armour
 h - a scroll of revelation
 k - a scroll of summoning {unknown}
 l - 4 scrolls of enchant weapon
 u - 2 scrolls of immolation {!r!r}
 v - 3 scrolls of teleportation {@r4}
 w - 3 scrolls of poison
 Q - 5 scrolls of vulnerability {!r!r}
Potions
 i - 2 potions of curing {@q1}
 j - 2 potions of brilliance
 q - 2 potions of berserk rage {unknown}
 A - a potion of magic {unknown}
 F - a potion of cancellation {unknown}
 H - a potion of resistance {unknown}
 I - a potion of attraction {!q}
 O - a potion of invisibility {unknown}

Dungeon Overview and Level Annotations

Branches:
Dungeon (11/15) Zot: 26655  Temple (1/1) D:6 Zot: 5974    Lair (0/5) D:8
    Orc (0/2) D:9           Sewer (visited)           IceCv (1/1) Zot: 4862

Altars:
Ashenzari
Cheibriados
Dithmenos
Elyvilon
Fedhas
Gozag
Hepliaklqana
Kikubaaqudgha
Makhleb
Nemelex Xobeh
Okawaru
Qazlal
Ru
Sif Muna
Trog
Uskayaw
Vehumet
Wu Jian
Xom
Yredelemnul
Zin
The Shining One

Shops:
D:9 *

Annotations:
D:8 3 runed translucent doors

#..##.#.##
#..ยง#..Z#
#..#....## #...#
.....
#..##....###...#
.#..
##..#....##....###
.#.
#..##..)##......# #
##..#.[##..#.....#
#.W####..###.......
##4###...# #.......
##@.#..## ##......
#....## ......
##..## #.ZZ.. ####
#...


You could see an ice devil and a freezing wraith.


Message History

You slash the death yak simulacrum and electrocute it!
The death yak simulacrum convulses!
The death yak simulacrum gores you but does no damage. ๐Ÿ˜Ž MP[-3]
You lost 3 mp, and now have 17/20 mp.
You spin and attack the ice devil.
You hit the ice devil.
The ice devil convulses.
The ice devil closely misses you.
You spin and attack the ice devil.
You hit the ice devil.
The ice devil convulses.
The ice devil completely misses you. ๐Ÿ˜Ž MP[+1]
You spin and attack the ice devil.
You barely miss the ice devil. The ice devil hits you!
The ice devil freezes you. You resist. ๐Ÿ˜• HP[-14]
You take 14 damage, and now have 69/83 hp. ๐Ÿ˜• HP[+1]
Casting: Vhi's Electric Charge (mildly dangerous; 2% risk of failure)
Confirm with . or Enter, or press ? or * to list all spells.
Space momentarily warps into an impossible shape!
You slash the death yak simulacrum! The Council accepts your kill.
You hit the ice devil but do no damage. You slash the freezing wraith!
The freezing wraith convulses.
The ice devil misses you. ๐Ÿ˜• HP[+1] MP[-4]
You lost 4 mp, and now have 14/20 mp.
Unknown command.
Unknown command.
Casting: Manifold Assault (mildly dangerous; 1% risk of failure)
Confirm with . or Enter, or press ? or * to list all spells.
Space momentarily warps into an impossible shape!
You hit the freezing wraith but do no damage.
You hit the ice devil.
The ice devil convulses.
The freezing wraith hits you but does no damage.
The freezing wraith completely misses you.
The ice devil closely misses you. ๐Ÿ˜• HP[+1] MP[-4]
You lost 4 mp, and now have 10/20 mp.
Unknown command.
Casting: Manifold Assault (mildly dangerous; 1% risk of failure)
Confirm with . or Enter, or press ? or * to list all spells.
Space momentarily warps into an impossible shape!
You barely miss the ice devil. You barely miss the freezing wraith.
The ice devil hits you. The ice devil freezes you. You resist.
The freezing wraith hits you. The freezing wraith freezes you. You resist.
The freezing wraith hits you! ๐Ÿ˜ฎ HP[-27] MP[-4]
You take 27 damage, and now have 45/83 hp.
MASSIVE DAMAGE!! (PAUSE)
You lost 4 mp, and now have 6/20 mp.
Unknown command.
The freezing wraith attacks as you move away!
The freezing wraith hits you but does no damage.
The freezing wraith misses you. ๐Ÿ˜ฎ HP[+1] ๐Ÿ˜ฎ HP[+2] MP[+1]
You regained 2 hp, and now have 48/83 hp. ๐Ÿ˜ฎ HP[+1] ๐Ÿ˜ฎ HP[+1] ๐Ÿ˜ฎ HP[+1] ๐Ÿ˜ฎ HP[+1] ๐Ÿ˜ฎ HP[+1]
The ice devil attacks as you move away! The ice devil hits you!
The ice devil freezes you! You resist.
* * * LOW HITPOINT WARNING * * *
๐Ÿ˜จ HP[-13] MP[+1]
You take 13 damage, and now have 40/83 hp.
The ice devil attacks as you move away!
The ice devil completely misses you. ๐Ÿ˜จ HP[+1]
The ice devil attacks as you move away! The ice devil misses you. ๐Ÿ˜ฎ HP[+2]
You regained 2 hp, and now have 43/83 hp.
The ice devil attacks as you move away!
The ice devil hits you but does no damage. ๐Ÿ˜ฎ HP[+1]
You hit the ice devil.
The ice devil convulses.
The ice devil closely misses you. ๐Ÿ˜ฎ HP[+1]
You hit the ice devil but do no damage. ๐Ÿ˜ฎ HP[+1]
You hit the ice devil.
The ice devil convulses.
The ice devil hits you. The ice devil freezes you. You resist.
* * * LOW HITPOINT WARNING * * *
๐Ÿ˜จ HP[-9] MP[+1]
You take 9 damage, and now have 37/83 hp.
Okay, then.
You hit the ice devil but do no damage. The ice devil hits you!
* * * LOW HITPOINT WARNING * * *
The ice devil freezes you. You resist.
* * * LOW HITPOINT WARNING * * *
๐Ÿ˜จ HP[-15]
You take 15 damage, and now have 22/83 hp.
You barely miss the ice devil. The ice devil hits you!
* * * LOW HITPOINT WARNING * * *
The ice devil freezes you. You resist.
* * * LOW HITPOINT WARNING * * *
๐Ÿ˜ฑ HP[-10]
You take 10 damage, and now have 12/83 hp.
The ice devil attacks as you move away! The ice devil hits you!
* * * LOW HITPOINT WARNING * * *
The ice devil freezes you! You resist.
You die...

Skill      XL: |  1  2  3  4  5  6  7  8  9 10 11 12 |
---------------+-------------------------------------+-----
Translocations | 4 5 6 7 8 11 13 | 13.5
Long Blades    | 3 4 5 6 7 9 10 12 | 12.2
Spellcasting   | 5 |  5.0
Hexes          | 6 8 |  8.1
Armour         | 3 |  3.9
Fighting       | |  2.0
Throwing       | |  1.0
Dodging        | |  2.0

Action                     |  1- 3 |  4- 6 |  7- 9 | 10-12 | 13-15 || total
---------------------------+-------+-------+-------+-------+-------++-------
  Melee: Falchion          |   125 |   116 |       |       |       ||   241
         Punch             |       |     8 |     1 |       |       ||     9
         Dagger            |       |   231 |   155 |       |       ||   386
         Short sword       |       |       |   175 |  1075 |       ||  1250
         Long sword        |       |       |       |   158 |    17 ||   175
  Throw: Stone             |       |     7 |       |       |       ||     7
         Boomerang         |       |     7 |    23 |    60 |       ||    90
         Throwing net      |       |     1 |       |     1 |       ||     2
   Cast: Teleport Other    |       |     3 |     4 |     2 |       ||     9
         Manifold Assault  |       |       |       |    32 |     3 ||    35
         Tukima's Dance    |       |       |       |    17 |       ||    17
         Vhi's Electric Ch |       |       |       |     8 |     2 ||    10
         Blink             |       |       |       |     5 |       ||     5
Ability: Whirlwind         |       |       |       |   100 |     3 ||   103
         Lunge             |       |       |       |     4 |       ||     4
  Evoke: Wand              |       |       |       |    10 |     2 ||    12
    Use: Potion            |       |     1 |     1 |     5 |       ||     7
         Scroll            |       |       |     6 |    10 |       ||    16
   Stab: Sleeping          |     1 |       |       |       |       ||     1
         Held in net/web   |       |       |       |     1 |       ||     1
 Armour: Leather armour    |    22 |    10 |       |       |       ||    32
         Robe              |       |    67 |    50 |   262 |     4 ||   383
         Skin              |       |       |     6 |       |       ||     6
  Dodge: Dodged            |    93 |   309 |   252 |   843 |     9 ||  1506

Levels and vault maps discovered:
D:1:      dpeg_arrival_renting, layout_basic
D:2:      layout_rooms, shapermc_ecumenical_altar_totnotflames, minmay_between,
          uniq_robin, uniq_jessica
D:3:      kennysheep_goblin_castle, layout_basic, portal_sewer_entry_d,
          kennysheep_generic_room_13
D:4:      layout_gridville, minmay_quantized, uniq_menkaure, uniq_sigmund
D:5:      layout_cave_pools
D:6:      layout_basic, dancing_weapons_uskayaw, kennysheep_mini_moat,
          minmay_temple_entry_statues, kennysheep_cross_room,
          minmay_misc_feat_x, minmay_misc_feat_cross, fountainhead
D:7:      layout_basic, minmay_fractal_squares_5
D:8:      lemuel_bear_cage, layout_basic, erik_lair_orcish_takeover,
          dreamdust_gnoll_shepherd
D:9:      layout_stronghold, mainiacjoe_overflow_alcove_1, david_orc_5,
          serial_shops, shop, serial_ice, serial_ice_i, serial_ice_e,
          serial_ice_d, serial_ice_n, serial_ice_f, serial_ice_a, serial_ice_m,
          minmay_shattered_shrine
D:10:     lemuel_reptile_caves, layout_rooms,
          chequers_temple_overflow_minitemple, gammafunk_ghost_grave
D:11:     layout_irregular_city, portal_ice_cave_entry_imps
Temple:   compressed_dpeg_circular_temple
IceCv:    ice_cave_small_demon

Notes
Turn   | Place    | Note
-------+----------+-------------------------------------------
     0 | D:1      | Kyara the Human Warper began the quest for the Orb.
     0 | D:1      | Reached XP level 1. HP: 16/16 MP: 3/3
     0 | D:1      | magus.rc [v1.11.6]
   166 | D:1      | Reached XP level 2. HP: 22/22 MP: 5/5
   169 | D:1      | Learned a level 2 spell: Blink
   683 | D:1      | You add the spells Sting, Poisonous Vapours and Olgreb's
                  | Toxic Radiance to your library.
   851 | D:2      | Reached XP level 3. HP: 27/27 MP: 6/6
   876 | D:2      | Learned a level 2 spell: Lesser Beckoning
   939 | D:2      | You add the spells Ozocubu's Armour and Ozocubu's
                  | Refrigeration to your library.
  1054 | D:2      | Noticed Robin
  1078 | D:2      | Killed Robin
  1079 | D:2      | Reached skill level 4 in Translocations
  1111 | D:2      | Reached XP level 4. HP: 26/33 MP: 4/7
  1156 | D:2      | Learned a level 3 spell: Teleport Other
  1193 | D:2      | Reached skill level 3 in Long Blades
  1465 | D:2      | Reached XP level 5. HP: 38/38 MP: 8/8
  1638 | D:2      | Found a faded altar of an unknown god.
  1645 | D:2      | Noticed Jessica
  1721 | D:2      | Killed Jessica
  1722 | D:2      | Reached skill level 5 in Translocations
  1855 | D:2      | You add the spells Tukima's Dance, Passage of Golubria and
                  | Yara's Violent Unravelling to your library.
  2067 | D:3      | Found a glowing drain.
  2076 | Sewer    | Entered a sewer
  2348 | Sewer    | Reached XP level 6. HP: 34/44 MP: 0/9
  2487 | Sewer    | Reached skill level 4 in Long Blades
  2507 | Sewer    | You add the spells Portal Projectile and Iskenderun's
                  | Mystic Blast to your library.
  3127 | D:3      | Reached skill level 6 in Translocations
  3183 | D:3      | Noticed Ijyb
  3216 | D:3      | Killed Ijyb
  3630 | D:4      | Noticed a black bear
  3643 | D:4      | Killed a black bear
  3644 | D:4      | Reached XP level 7. HP: 42/50 MP: 8/10
  3982 | D:4      | Reached skill level 7 in Translocations
  3997 | D:4      | Learned a level 3 spell: Vhi's Electric Charge
  4155 | D:4      | Identified the orb of Olaschang {light, rPois rF+ Str+2}
  4175 | D:4      | Reached skill level 5 in Long Blades
  4175 | D:4      | Reached XP level 8. HP: 56/56 MP: 11/11
  4189 | D:4      | Noticed Menkaure
  4214 | D:4      | Killed Menkaure
  4215 | D:4      | Reached skill level 3 in Spellcasting
  4395 | D:4      | Noticed Sigmund
  4408 | D:4      | Killed Sigmund
  4416 | D:4      | Reached skill level 4 in Spellcasting
  4552 | D:5      | Entered Level 5 of the Dungeon
  5068 | D:5      | Reached skill level 6 in Long Blades
  5130 | D:5      | Reached skill level 5 in Spellcasting
  5291 | D:5      | Learned a level 3 spell: Tukima's Dance
  5296 | D:5      | Learned a level 4 spell: Manifold Assault
  5357 | D:5      | Reached XP level 9. HP: 60/61 MP: 16/16
  5439 | D:5      | Reached skill level 1 in Hexes
  5530 | D:5      | Reached skill level 2 in Hexes
  5563 | D:5      | You add the spells Slow, Vampiric Draining and Confusing
                  | Touch to your library.
  5757 | D:6      | Reached skill level 3 in Hexes
  5852 | D:6      | Found a sparkling altar of Nemelex Xobeh.
  5932 | D:6      | Reached skill level 7 in Long Blades
  5932 | D:6      | Reached skill level 4 in Hexes
  5996 | D:6      | Noticed a +0 hand axe
  5997 | D:6      | Noticed a +0 dagger
  5998 | D:6      | Found a hide-covered altar of Uskayaw.
  6270 | D:6      | Found a staircase to the Ecumenical Temple.
  6279 | Temple   | Entered the Ecumenical Temple
  6750 | D:7      | Reached skill level 5 in Hexes
  6893 | D:7      | Reached skill level 6 in Hexes
  6912 | D:7      | Reached XP level 10. HP: 50/67 MP: 13/17
  7054 | D:7      | Reached skill level 8 in Long Blades
  7488 | D:8      | Reached skill level 7 in Hexes
  7875 | D:8      | Found a runed translucent gate.
  7875 | D:8      | Found a runed translucent gate.
  7876 | D:8      | Found a runed translucent gate.
  7876 | D:8      | Noticed a manticore
  7876 | D:8      | Noticed a manticore
  7879 | D:8      | Noticed a manticore
  7896 | D:8      | Reached skill level 8 in Hexes
  8159 | D:8      | Found a staircase to the Lair.
  8416 | D:8      | Reached skill level 9 in Long Blades
  8416 | D:8      | Reached skill level 8 in Translocations
  8613 | D:8      | Noticed a two-headed ogre
  8623 | D:8      | Killed a two-headed ogre
  8805 | D:8      | Noticed a death yak
  9070 | D:9      | Reached XP level 11. HP: 66/72 MP: 16/18
  9085 | D:9      | Reached skill level 9 in Translocations
  9311 | D:9      | Found a staircase to the Orcish Mines.
  9681 | D:8      | Reached skill level 10 in Translocations
  9693 | D:8      | HP: 16/72 [vampire mosquito (7)]
  9698 | D:8      | HP: 13/72 [vampire mosquito (1)]
  9920 | D:8      | Reached skill level 10 in Long Blades
 11089 | D:9      | Found Doqeifet's Assorted Antiques.
 11097 | D:9      | Bought a pair of embroidered boots for 142 gold pieces
 11130 | D:9      | You add the spells Volatile Blastmotes and Fulminant Prism
                  | to your library.
 11277 | D:9      | HP: 18/72 [troll (10)]
 11584 | D:9      | Found a white marble altar of Elyvilon.
 11848 | D:9      | Reached skill level 11 in Translocations
 11918 | D:9      | Noticed a cyclops
 11962 | D:9      | Killed a cyclops
 12047 | D:9      | Noticed a manticore
 12159 | D:9      | Noticed a cyclops
 12284 | D:9      | Killed a cyclops
 12443 | D:9      | Reached XP level 12. HP: 72/78 MP: 19/19
 12614 | D:9      | Reached skill level 11 in Long Blades
 12614 | D:9      | Reached skill level 12 in Translocations
 13060 | D:10     | Entered Level 10 of the Dungeon
 13060 | D:10     | Noticed mopl's ghost (journeyman OpSh)
 13060 | D:10     | Found a runed translucent door.
 13103 | D:10     | Killed mopl's ghost
 13241 | D:10     | Noticed a two-headed ogre
 13250 | D:10     | HP: 17/78 [two-headed ogre/+0 giant club (17)]
 13260 | D:10     | HP: 2/78 [two-headed ogre/+0 giant club (18)]
 13261 | D:10     | Killed a two-headed ogre
 13701 | D:10     | Noticed a two-headed ogre
 13714 | D:10     | Killed a two-headed ogre
 14155 | D:10     | Reached skill level 13 in Translocations
 14797 | D:10     | Found an ornate altar of the Wu Jian Council.
 14797 | D:10     | Found a glowing silver altar of Zin.
 14802 | D:10     | Found a burning altar of Makhleb.
 14804 | D:10     | Found an iron altar of Okawaru.
 14805 | D:10     | Found a bloodstained altar of Trog.
 14813 | D:10     | Became a worshipper of the Wu Jian Council
 14915 | D:11     | Noticed a two-headed ogre
 15208 | D:11     | Found a frozen archway.
 15215 | IceCv    | Entered an ice cave
 15413 | IceCv    | Reached * piety under Wu Jian
 15628 | IceCv    | Reached skill level 12 in Long Blades
 15628 | IceCv    | Reached skill level 2 in Armour
 15963 | IceCv    | HP: 18/78 [ice beast[an ice statue] (3)]
 15973 | IceCv    | HP: 14/78 [something (13)]
 15986 | IceCv    | HP: 19/78 [ice statue/freezing blast (6)]
 15990 | IceCv    | HP: 6/78 [ice beast[an ice statue] (5)]
 16004 | IceCv    | HP: 17/78 [ice beast[an ice statue] (3)]
 16010 | IceCv    | HP: 14/78 [ice beast[an ice statue] (4)]
 16067 | IceCv    | HP: 12/78 [ice devil (11)]
 16069 | IceCv    | HP: 1/78 [something (6)]
 16169 | IceCv    | Reached skill level 3 in Armour
 16308 | IceCv    | Reached XP level 13. HP: 67/83 MP: 20/20
 16403 | IceCv    | HP: 16/83 [ice devil (7)]
 16404 | IceCv    | HP: 1/83 [ice devil (11)]
 16404 | IceCv    | Mangled by an ice devil

Vanquished Creatures
  The ghost of mopl the Martial Artist, a journeyman OpSh of Uskayaw (D:10)
  2 two-headed ogres
  2 cyclopes (D:9)
  2 manticores (D:9)
  2 ice statues (IceCv)
  A rime drake (D:10)
  4 ice devils (IceCv)
  4 trolls
  4 polar bears
  2 dream sheep (D:8)
  A slime creature (D:9)
  A wyvern (shapeshifter) (D:9)
  Sigmund (D:4)
  4 wyverns
  10 yaks (D:9)
  A basilisk (D:9)
  An unseen horror simulacrum (D:9)
  A steam dragon (D:8)
  Menkaure (D:4)
  A death yak simulacrum (IceCv)
  2 vampire mosquitoes
  3 wargs (D:8)
  2 acid dragons
  2 hydra simulacra (IceCv)
  19 water moccasins
  An ice beast (D:6)
  3 sky beasts (D:7)
  7 orc warriors
  A black bear (D:4)
  3 wolves (D:9)
  An ogre (D:6)
  4 centaurs
  3 kobold brigands
  5 bullfrogs
  6 scorpions
  A two-headed ogre simulacrum (IceCv)
  2 wights
  6 killer bees (D:9)
  4 howler monkeys
  3 electric eels (D:9)
  3 hounds
  9 orc priests
  A jelly (D:7)
  Jessica (D:2)
  4 gnoll boudas
  Ijyb (D:3)
  7 iguanas
  5 orc wizards
  3 sleepcaps
  3 troll simulacra (IceCv)
  4 spriggan simulacra (IceCv)
  2 wolf simulacra (IceCv)
  A centaur simulacrum (D:9)
  Robin (D:2)
  22 gnolls
  29 adders
  3 shadow imps
  20 white imps
  5 ufetubi
  A worm (D:3)
  A dart slug (D:2)
  37 orcs
  2 bats
  12 endoplasms
  8 giant cockroaches
  19 goblins
  12 hobgoblins
  3 jackals (D:3)
  13 quokkas
  13 ball pythons
  12 frilled lizards
  20 kobolds
  6 rats
407 creatures vanquished.

Vanquished Creatures (collateral kills)
  A two-headed ogre (D:10)
  2 wights (D:8)
3 creatures vanquished.

Vanquished Creatures (others)
  A dancing weapon (D:10)
  A white imp (IceCv)
  A goblin (D:3)
3 creatures vanquished.

Grand Total: 413 creatures vanquished

Table legend:
 A = Non-vault XP
 B = Vault XP
 C = Vault XP percentage of total XP
 D = Non-vault monster count
 E = Vault monster count
 F = Vault count percentage of total count
                 A         B        C        D         E       F
            +---------+---------+-------+---------+---------+-------
      Total |   11094 |   16240 |  59.4 |     195 |     215 |  52.4
            +---------+---------+-------+---------+---------+-------
        D:1 |      25 |       0 |   0.0 |      16 |       0 |   0.0
        D:2 |      85 |      92 |  52.0 |      22 |      18 |  45.0
        D:3 |      26 |      71 |  73.2 |      12 |      12 |  50.0
        D:4 |     606 |     547 |  47.4 |      20 |       8 |  28.6
        D:5 |     544 |       0 |   0.0 |      27 |       0 |   0.0
        D:6 |     768 |       0 |   0.0 |      13 |       0 |   0.0
        D:7 |     933 |     428 |  31.4 |      16 |       7 |  30.4
        D:8 |    2410 |    2464 |  50.6 |      22 |      19 |  46.3
        D:9 |    2720 |    5557 |  67.1 |      28 |      48 |  63.2
       D:10 |    2677 |    3630 |  57.6 |      12 |      33 |  73.3
       D:11 |     300 |     125 |  29.4 |       7 |      12 |  63.2
      Sewer |       0 |     192 | 100.0 |       0 |      35 | 100.0
      IceCv |       0 |    3134 | 100.0 |       0 |      23 | 100.0
            +---------+---------+-------+---------+---------+-------

Skill      XL: |  1  2  3  4  5  6  7  8  9 10 11 12 |
---------------+-------------------------------------+-----
Translocations | 4 5 6 7 8 11 13 | 13.5
Long Blades    | 3 4 5 6 7 9 10 12 | 12.2
Spellcasting   | 5 |  5.0
Hexes          | 6 8 |  8.1
Armour         | 3 |  3.9
Fighting       | |  2.0
Throwing       | |  1.0
Dodging        | |  2.0

Action                     |  1- 3 |  4- 6 |  7- 9 | 10-12 | 13-15 || total
---------------------------+-------+-------+-------+-------+-------++-------
  Melee: Falchion          |   125 |   116 |       |       |       ||   241
         Punch             |       |     8 |     1 |       |       ||     9
         Dagger            |       |   231 |   155 |       |       ||   386
         Short sword       |       |       |   175 |  1075 |       ||  1250
         Long sword        |       |       |       |   158 |    17 ||   175
  Throw: Stone             |       |     7 |       |       |       ||     7
         Boomerang         |       |     7 |    23 |    60 |       ||    90
         Throwing net      |       |     1 |       |     1 |       ||     2
   Cast: Teleport Other    |       |     3 |     4 |     2 |       ||     9
         Manifold Assault  |       |       |       |    32 |     3 ||    35
         Tukima's Dance    |       |       |       |    17 |       ||    17
         Vhi's Electric Ch |       |       |       |     8 |     2 ||    10
         Blink             |       |       |       |     5 |       ||     5
Ability: Whirlwind         |       |       |       |   100 |     3 ||   103
         Lunge             |       |       |       |     4 |       ||     4
  Evoke: Wand              |       |       |       |    10 |     2 ||    12
    Use: Potion            |       |     1 |     1 |     5 |       ||     7
         Scroll            |       |       |     6 |    10 |       ||    16
   Stab: Sleeping          |     1 |       |       |       |       ||     1
         Held in net/web   |       |       |       |     1 |       ||     1
 Armour: Leather armour    |    22 |    10 |       |       |       ||    32
         Robe              |       |    67 |    50 |   262 |     4 ||   383
         Skin              |       |       |     6 |       |       ||     6
  Dodge: Dodged            |    93 |   309 |   252 |   843 |     9 ||  1506

Illustrated notes

Table legend:
 A = Kills in this place as a percentage of kills in the entire game.
 B = Kills by you in this place as a percentage of kills by you in the entire game.
 C = Kills by friends in this place as a percentage of kills by friends in the entire game.
 D = Other kills in this place as a percentage of other kills in the entire game.
 E = Experience gained in this place as a percentage of experience gained in the entire game.
 F = Experience gained in this place divided by the number of levels of this place that you have seen.
                   A       B       C       D       E      F
               +-------+-------+-------+-------+-------+----------------------
         Total | 100.0 | 100.0 | 100.0 |   N/A | 100.0 | 1952.4
       Dungeon |  85.9 |  85.7 | 100.0 |   N/A |  87.8 | 2182.5
         Sewer |   8.5 |   8.6 |   0.0 |   N/A |   0.7 | 192.0
      Ice Cave |   5.6 |   5.7 |   0.0 |   N/A |  11.5 | 3134.0
               +-------+-------+-------+-------+-------+----------------------

Table legend: (Time is in decaauts)
 A = Elapsed time spent in this place.
 B = Non-inter-level travel time spent in this place.
 C = Inter-level travel time spent in this place.
 D = Time resting spent in this place.
 E = Time spent auto-exploring this place.
 F = Levels seen in this place.
 G = Mean time per level.
                   A        B        C        D        E       F      G
               +--------+--------+--------+--------+--------+-----+--------+
         Total |  16193 |  15829 |    364 |   2133 |   9514 |  14 | 1156.6 |
       Dungeon |  14383 |  14019 |    364 |   1705 |   9028 |  11 | 1307.5 |
        Temple |     25 |     25 |      0 |      0 |      0 |   1 |   25.0 |
         Sewer |    646 |    646 |      0 |     72 |    150 |   1 |  646.0 |
      Ice Cave |   1137 |   1137 |      0 |    356 |    335 |   1 | 1137.0 |
               +--------+--------+--------+--------+--------+-----+--------+

Top non-repeatable levels by time:
     D:9: 3147 daAuts
     D:8: 2348 daAuts
    D:10: 1592 daAuts
     D:4: 1342 daAuts
     D:7: 1233 daAuts
   IceCv: 1137 daAuts
     D:3: 1130 daAuts
     D:2: 1084 daAuts
     D:1: 880 daAuts
     D:5: 708 daAuts
   Sewer: 646 daAuts
     D:6: 592 daAuts
    D:11: 323 daAuts
  Temple: 25 daAuts
